 Dungeon Crawl Stone Soup version 0.31.0-12-g77e489cdc1 (webtiles) character file.

Game seed: 3013086170590192677

3442 KKCryptic the Mimic (level 10, -5/61 HPs)
             Began as an Octopode Shapeshifter on Feb 14, 2024.
             Was an Initiate of Gozag.
             Slain by an orc knight
             ... wielding a +0 broad axe
              (26 damage)
             ... in a bailey.
             The game lasted 00:34:16 (7013 turns).

KKCryptic the Mimic (Octopode Shapeshifter)         Turns: 7013, Time: 00:34:17

Health: -5/61      AC:  1    Str: 13    XL:     10   Next: 5%
Magic:  10/10      EV: 12    Int: 14    God:    Gozag
Gold:   861        SH:  8    Dex: 15    Spells: 9/9 levels left

rFire   . . .        n - +3 dagger (venom)
rCold   . . .        D - +0 kite shield
rNeg    + . .        (helmet currently unavailable)
rPois   .            (no amulet)
rElec   .            l - +4 ring of slaying
rCorr   .            F - ring of positive energy
SInv    .            (no ring)
Will    .....        (no ring)
Stlth   +++++        (no ring)
HPRegen 0.30/turn    (no ring)
MPRegen 0.12/turn    (no ring)
                     (no ring)

%: no passive effects
@: mighty, beast-form, gold aura
A: beast (slay +4), almost no armour, amphibious, 8 rings, camouflage 1,
gelatinous body 1, (nimble swimmer 1), tentacles
a: Begin Untransformation, Renounce Religion, Potion Petition, Call Merchant,
Bribe Branch


You were in a bailey.
You worshipped Gozag.
Gozag was pleased with you.
You were a hulking beast.
You visited 2 branches of the dungeon, and saw 8 of its levels.
You also visited: Sewer, Ossuary and Bailey.

You collected 895 gold pieces.
You paid 34 gold pieces to Gozag.

Inventory:

Hand Weapons
 n - a +3 dagger of venom (weapon)
 A - a +2 dagger of holy wrath
 B - a +3 whip of distortion
 C - a +2 flail of protection
Missiles
 e - 10 poisoned darts (quivered)
 f - 10 boomerangs
 k - 6 javelins
Armour
 m - a +1 hat
 D - a +0 kite shield (worn)
Jewellery
 h - a ring of fire
 l - a +4 ring of slaying (left tentacle)
 F - a ring of positive energy (right tentacle)
Talismans
 b - a beast talisman
 c - a flux talisman
 o - a blade talisman
Wands
 q - a wand of roots (5)
Scrolls
 s - a scroll of vulnerability
 v - a scroll of fog
 w - a scroll of poison
 z - a scroll of torment
 E - a scroll of enchant armour
Potions
 a - 2 potions of lignification
 d - 2 potions of attraction
 i - 4 potions of curing
 j - a potion of magic {unknown}
 r - 2 potions of invisibility
 u - 4 potions of might
 x - 2 potions of ambrosia
 G - a potion of cancellation {unknown}


   Skills:
 + Level 2.7 Fighting
 * Level 7.4 Short Blades
 + Level 3.2 Dodging
 + Level 8.1 Stealth
 + Level 2.2 Shields
 - Level 5.0 Unarmed Combat
 * Level 8.2 Shapeshifting


You had 9 spell levels left.
You didn't know any spells.
Your spell library contained the following spells:

 Spells                   Type           Power      Damage    Failure   Level
 Apportation              Tloc           0%         N/A       71%         1
 Jinxbite                 Hex            0%         N/A       85%         2
 Hailstorm                Conj/Ice       0%         3d5       97%         3
 Summon Ice Beast         Ice/Summ       0%         N/A       97%         3
 Alistair's Intoxication  Alch           0%         N/A       100%        5
 Sculpt Simulacrum        Ice/Alch       0%         N/A       100%        6


Dungeon Overview and Level Annotations

Branches:
Dungeon (7/15)             Temple (1/1) D:4           Sewer (visited)
Ossuary (visited)          Bailey (1/1)

Altars:
Cheibriados
Fedhas
Gozag
Kikubaaqudgha
Makhleb
Nemelex Xobeh
Ru
Sif Muna
Trog
Vehumet
Xom
Yredelemnul

Annotations:
D:4 Ijyb
D:5 3 runed translucent doors, raguz's ghost, novice NaWr


Innate Abilities, Weirdness & Mutations

You are a hulking beast.
Your limbs bulge with bestial killing power. (Slay +4)
You cannot wear most types of armour.
You are amphibious.
You can wear up to eight rings at the same time.
Your skin changes colour to match your surroundings (Stealth+).
Your rubbery body absorbs attacks. (AC +1, EV +1)
((You are camouflaged when in or above water. (Stealth+)))
You have tentacles for arms and can constrict up to eight enemies at once.


Message History

A goblin comes into view. It is wielding a +0 hand axe.
You block the gnoll's attack. The orc warrior closely misses you.
You hit the gnoll.
The gnoll is poisoned.
You tentacle-slap the gnoll!
You kill the gnoll!
You barely miss the orc warrior. You grab the orc warrior.
You tentacle-slap the orc warrior. You squeeze the orc warrior!
The orc warrior is heavily wounded.
You constrict the orc warrior.
An orc warrior comes into view. It is wielding a +0 war axe.
The goblin is distracted by your dazzling golden aura.
The orc warrior struggles to escape constriction.
You hit the orc warrior.
The orc warrior is poisoned.
You squeeze the orc warrior!
You kill the orc warrior!
You block the orc's attack.
You puncture the orc!
You kill the orc!
The goblin is no longer distracted by gold.
You block the orc warrior's attack.
You barely miss the orc warrior. Your grab misses the orc warrior.
The orc warrior hits you with a +0 war axe!!
You hit the orc warrior.
The orc warrior is poisoned.
You grab the orc warrior. You squeeze the orc warrior!
The orc warrior is moderately wounded.
You constrict the orc warrior.
The orc warrior is distracted by your dazzling golden aura.
The orc warrior shouts!
You hit the orc knight.
The orc knight is poisoned.
You grab the orc knight. You squeeze the orc knight!
The orc knight is moderately wounded.
You constrict the orc warrior, but do no damage.
You constrict the orc knight, but do no damage.
You hit the orc knight.
The orc knight looks as sick as possible!
The orc knight is moderately wounded.
You constrict the orc warrior, but do no damage.
You constrict the orc knight, but do no damage.
The orc knight hits you with a +0 broad axe!!
You die...
Your body crumbles into a pile of gold.

##...).##
##'####
##.....##
#.......#
##.......##
#.........#
##.........##
#....$⌠.....#
##...ho....## 8
#....o....# ...
##....g..##.....
#.....go'o...o.
##.....##g.....
####### ....⌠g
.... ... ..


You could see an orc knight (extremely poisoned), 3 orc warriors, a gnoll and 2
goblins.

Vanquished Creatures
  An orc knight (Bailey)
  A steam dragon (D:4)
  7 orc warriors
  A black bear (D:6)
  A sky beast (D:7)
  An ogre (D:6)
  A centaur (D:5)
  An elf zombie (Ossuary)
  4 bullfrogs
  5 scorpions
  A howler monkey (D:6)
  4 bombardier beetles
  3 jellies
  A human zombie (Ossuary)
  An orc priest (D:6)
  A hound (D:5)
  4 sleepcaps (D:5)
  Jessica (D:2)
  Natasha (thrice) (D:2)
  3 iguanas
  6 orc wizards
  A hound zombie (Ossuary)
  4 mummies (Ossuary)
  10 adders
  7 gnolls
  3 shadow imps
  2 white imps (D:6)
  3 adder zombies (Ossuary)
  8 dart slugs
  3 ribbon worms
  18 orcs
  6 bats
  4 endoplasms
  12 giant cockroaches
  7 goblins
  22 hobgoblins
  3 jackals (D:3)
  8 quokkas
  7 ball pythons
  11 frilled lizards
  2 goblin zombies (Ossuary)
  A hobgoblin zombie (D:5)
  A jackal zombie (Ossuary)
  4 kobolds
  A kobold zombie (Ossuary)
  An orc zombie (Ossuary)
  8 rats
  A rat zombie (Ossuary)
209 creatures vanquished.

Vanquished Creatures (others)
  A kobold (D:4)
1 creature vanquished.

Grand Total: 210 creatures vanquished

Notes
Turn   | Place    | Note
-------+----------+-------------------------------------------
     0 | D:1      | KKCryptic the Octopode Shapeshifter began the quest for the
                  | Orb.
     0 | D:1      | Reached XP level 1. HP: 13/13 MP: 1/1
   369 | D:1      | Identified the +8 chain mail of Gravitas {Will+}
   424 | D:1      | Reached skill level 1 in Stealth
   424 | D:1      | Reached XP level 2. HP: 18/18 MP: 2/2
   658 | D:1      | Found a faded altar of an unknown god.
  1200 | D:2      | Noticed Jessica
  1209 | D:2      | Killed Jessica
  1210 | D:2      | Reached XP level 3. HP: 23/23 MP: 3/3
  1269 | D:2      | Reached XP level 4. HP: 25/28 MP: 4/4
  1493 | D:2      | Noticed Natasha
  1498 | D:2      | Killed Natasha
  1630 | D:2      | Noticed Natasha
  1638 | D:2      | Killed Natasha
  1639 | D:2      | Reached XP level 5. HP: 22/33 MP: 5/5
  1985 | D:2      | Noticed Natasha
  2156 | D:2      | Killed Natasha
  2438 | D:3      | Reached skill level 1 in Short Blades
  2952 | D:4      | Noticed a steam dragon
  3009 | D:4      | Killed a steam dragon
  3010 | D:4      | Reached XP level 6. HP: 22/38 MP: 6/6
  3135 | D:4      | Reached skill level 5 in Shapeshifting
  3235 | D:4      | Reached XP level 7. HP: 39/43 MP: 7/7
  3303 | D:4      | Found a glowing drain.
  3307 | Sewer    | Entered a sewer
  3913 | D:4      | Found a staircase to the Ecumenical Temple.
  3922 | D:4      | Reached skill level 5 in Stealth
  3926 | Temple   | Entered the Ecumenical Temple
  3935 | Temple   | Became a worshipper of Gozag Ym Sagoz the Greedy
  4039 | D:4      | Noticed Ijyb
  4163 | D:5      | Entered Level 5 of the Dungeon
  4195 | D:5      | Found a runed translucent gate.
  4196 | D:5      | Found a runed translucent gate.
  4197 | D:5      | Found a runed translucent gate.
  4199 | D:5      | Noticed raguz's ghost (novice NaWr)
  4200 | D:5      | Identified the +7 whip "Bazoten" {holy, rPois Dex+5 Stlth+}
  4259 | D:5      | Reached XP level 8. HP: 6/48 MP: 8/8
  4527 | D:5      | Found a sand-covered staircase.
  4533 | Ossuary  | Entered an ossuary
  4552 | Ossuary  | Reached skill level 5 in Unarmed Combat
  4927 | D:5      | Reached skill level 5 in Short Blades
  5475 | D:6      | Reached XP level 9. HP: 37/53 MP: 9/9
  6378 | D:7      | Found a flagged portal.
  6439 | D:7      | Reached skill level 1 in Shields
  6441 | D:7      | HP: 1/81 [something (5)]
  6515 | Bailey   | Entered a bailey
  6696 | Bailey   | Noticed an orc knight
  6811 | Bailey   | Killed an orc knight
  6983 | Bailey   | Noticed an orc knight
  6998 | Bailey   | Identified the +2 chain mail of Kilo Ebload {rF+ rC+}
  7002 | Bailey   | Reached XP level 10. HP: 61/61 MP: 10/10
  7013 | Bailey   | Slain by an orc knight

Illustrated notes

Levels and vault maps discovered:
D:1:      minmay_arrival_five_plusses, layout_basic, basic_ecumenical_altar,
          nrook_uturn, kennysheep_small_spiral
D:2:      cheibrodos_helix_gallery, layout_rooms, serial_corexii_hall,
          corexii_hall_statues_t, chequers_hall_statues_y,
          chequers_hall_statues_y, corexii_hall_statues_t, roderic_lattice_a,
          serial_park_tiny_1, uniq_natasha, uniq_jessica
D:3:      layout_loops_ring
D:4:      layout_loops_ring, temple_fountains, gup_sewer_entry_spiral,
          chequers_jeans, uniq_ijyb
D:5:      layout_basic, biasface_ghost_orc_armoury, enter_ossuary_3,
          dk_noncrumbling_2, hellmonk_no_cap
D:6:      layout_cave_pools
D:7:      layout_loops_ring, enter_bailey_8
Temple:   hellmonk_temple_flake
Bailey:   bailey_axe_minmay_hex_keep, bailey

Skill      XL: |  1  2  3  4  5  6  7  8  9 |
---------------+----------------------------+-----
Stealth        | 1 2 3 4 5 6 8 |  8.1
Shapeshifting  | 4 5 7 8 |  8.2
Short Blades   | 2 3 5 7 |  7.4
Unarmed Combat | 4 5 |  5.0
Shields        | 2 |  2.2
Fighting       | 2 |  2.7
Dodging        | 3 |  3.2

Action                     |  1- 3 |  4- 6 |  7- 9 | 10-12 || total
---------------------------+-------+-------+-------+-------++-------
  Melee: Unarmed           |    40 |    23 |       |       ||    63
         Constrict         |     9 |    18 |    64 |     4 ||    95
         Tentacles         |     7 |    21 |    56 |     4 ||    88
         Punch             |     1 |     1 |    16 |     2 ||    20
         Dagger            |       |    56 |   246 |    11 ||   313
  Throw: Dart              |       |       |    16 |       ||    16
         Boomerang         |       |       |     4 |       ||     4
         Throwing net      |       |       |     1 |       ||     1
  Evoke: Wand              |       |       |     3 |       ||     3
    Use: Scroll            |       |     7 |    18 |       ||    25
         Potion            |       |       |     4 |     1 ||     5
   Stab: Sleeping          |     3 |    12 |    20 |       ||    35
         Distracted        |     1 |     2 |     1 |       ||     4
 Armour: Skin              |     9 |    26 |   118 |     3 ||   156
  Dodge: Dodged            |    23 |    37 |    98 |     1 ||   159
  Block: Kite shield       |       |       |    17 |     5 ||    22
